| 0:21 | Overlord | |
| 0:27 | Drone x12 | |
| 0:39 | Unknown | |
| 0:41 | Drone | |
13 | 0:52 | Overlord | |
13 | 0:56 | Drone | |
14 | 1:11 | Drone x2 | |
16 | 1:20 | Drone | |
17 | 1:33 | Drone | |
18 | 1:40 | Hatchery | |
18 | 1:42 | Drone | |
18 | 1:48 | Extractor | |
18 | 1:49 | Drone | |
18 | 2:00 | Spawning Pool | |
17 | 2:03 | Drone | |
18 | 2:29 | Hatchery, Drone | |
18 | 2:36 | Overlord | |
18 | 2:44 | Overlord | |
18 | 2:52 | Metabolic Boost | |
18 | 2:57 | Zergling x4 | |
20 | 3:02 | Zergling x2 | |
21 | 3:08 | Zergling x4 | |
23 | 3:16 | Zergling x2 | |
23 | 3:17 | Zergling x2 | |
25 | 3:29 | Zergling x4 | |
27 | 3:42 | Zergling x6 | |
30 | 3:54 | Zergling x2 | |
30 | 3:55 | Baneling Nest, Zergling x4 | |
31 | 4:09 | Zergling x8 | |
31 | 4:17 | Zergling x4 | |
33 | 4:27 | Zergling x4 | |
28 | 4:41 | Zergling x8 | |
28 | 4:45 | Zergling x2 | |
31 | 4:47 | Baneling x2 | |
31 | 4:49 | Baneling | |
30 | 4:54 | Protoss Ground Weapons Level 3, Protoss Shields Level 3, Terran Infantry Armor Level 3, Terran Vehicle Armor Level 3, Zerg Ground Armor Level 3, Protoss Air Armor Level 3, Terran Ship Weapons Level 3, Protoss Air Weapons Level 3, Zerg Flyer Weapons Level 3, Terran Infantry Weapons Level 3, Zerg Flyer Armor Level 3, Protoss Ground Armor Level 3, Terran Ship Armor Level 3, Baneling x2, Zerg Melee Weapons Level 3, Terran Vehicle Weapons Level 3, Zerg Missile Weapons Level 3 | |
30 | 4:55 | Baneling | |
30 | 5:04 | Zergling x4 | |
30 | 5:15 | Protoss Air Weapons Level 2, Terran Vehicle Armor Level 2, Zerg Flyer Armor Level 2, Zerg Missile Weapons Level 2, Protoss Ground Weapons Level 2, Terran Infantry Armor Level 2, Zerg Flyer Weapons Level 2, Terran Vehicle Weapons Level 2, Protoss Ground Armor Level 2, Protoss Shields Level 2, Protoss Air Armor Level 2, Terran Ship Weapons Level 2, Terran Ship Armor Level 2, Terran Infantry Weapons Level 2, Zerg Melee Weapons Level 2, Zerg Ground Armor Level 2 | |
25 | 5:22 | Zergling x6 | |
25 | 5:23 | Zergling x4 | |
28 | 5:30 | Blink, Stimpack | |
27 | 5:37 | Zerg Flyer Armor Level 1, Protoss Ground Weapons Level 1, Terran Ship Armor Level 1, Terran Vehicle Weapons Level 1, Warp Gate, Zerg Melee Weapons Level 1, Terran Ship Weapons Level 1, Terran Infantry Weapons Level 1, Zerg Missile Weapons Level 1, Protoss Ground Armor Level 1, Protoss Shields Level 1, Terran Vehicle Armor Level 1, Protoss Air Armor Level 1, Zerg Ground Armor Level 1, Zerg Flyer Weapons Level 1, Terran Infantry Armor Level 1, Protoss Air Weapons Level 1 | |
27 | 5:39 | Zergling x8 | |
29 | 5:51 | Extended Thermal Lance, Charge, Resonating Glaives, Building Armor | |
29 | 5:56 | Zergling x10 | |
32 | 5:58 | Adrenal Glands, Ventral Sacs | |
31 | 6:04 | Enduring Locusts | |
31 | 6:05 | Personal Cloaking | |
31 | 6:07 | Zergling x2 | |
31 | 6:08 | Zergling x4 | |
34 | 6:11 | Psionic Storm | |
34 | 6:12 | Neural Parasite, Glial Reconstitution, Tunneling Claws, Corvid Reactor, Metabolic Boost, Neosteel Frame, Centrifical Hooks, Infernal Pre-Igniter, Durable Materials, Chitinous Plating, Combat Shields, Cloaking Field | |
34 | 6:17 | Drone x2 | |
36 | 6:20 | Muscular Augments x2, Burrow, Drone | |
37 | 6:28 | Drone x2 | |
39 | 6:34 | Graviton Catapult, Behemoth Reactor, Caduceus Reactor, Pathogen Glands, Moebius Reactor, Observer Gravitic Boosters, Gravitic Drive, Hi-Sec Auto Tracking | |
39 | 6:38 | Drone x2 | |
41 | 6:41 | Drone | |
41 | 6:43 | Drone | |
43 | 6:48 | Weapon Refit, Concussive Shells, Pneumatized Carapace | |
43 | 6:54 | Drone x2 | |
43 | 6:55 | Drone x2 | |
43 | 6:58 | Drone | |
43 | 7:00 | Drone | |
49 | 7:03 | Extractor | |
48 | 7:09 | Drone | |
48 | 7:11 | Overlord | |
49 | 7:27 | Overlord | |
49 | 7:31 | Unknown x5 | |
49 | 7:33 | Drone x12 | |
| 7:45 | Unknown | |
| 7:47 | Drone | |
13 | 7:58 | Overlord | |
13 | 8:02 | Drone | |
14 | 8:17 | Drone x2 | |
16 | 8:24 | Drone | |
17 | 8:40 | Drone | |
18 | 8:46 | Hatchery, Drone | |
18 | 9:01 | Spawning Pool | |
17 | 9:04 | Extractor, Drone | |
17 | 9:08 | Drone | |
18 | 9:13 | Drone | |
19 | 9:37 | Hatchery | |
18 | 9:40 | Overlord | |
18 | 9:46 | Overlord | |
18 | 9:51 | Zergling x2 | |
19 | 10:03 | Zergling x4 | |
21 | 10:07 | Metabolic Boost | |
21 | 10:13 | Zergling x4 | |
23 | 10:19 | Zergling x2 | |
23 | 10:20 | Zergling x2 | |
25 | 10:30 | Baneling Nest | |
25 | 10:31 | Zergling x4 | |
26 | 10:40 | Zergling x2 | |
27 | 10:58 | Zergling x4 | |
27 | 10:59 | Zergling x4 | |
27 | 11:02 | Zergling x4 | |
27 | 11:03 | Zergling x2 | |
33 | 11:15 | Zergling x6 | |
32 | 11:37 | Zergling x2 | |
32 | 11:38 | Zergling x10 | |
38 | 11:44 | Drone | |
38 | 11:46 | Drone | |
40 | 11:50 | Drone | |
41 | 11:56 | Drone x2 | |
41 | 12:00 | Drone | |
44 | 12:04 | Drone | |
45 | 12:10 | Drone x2 | |
47 | 12:26 | Drone x3 | |